 Dungeon Crawl Stone Soup version 0.26-a0-597-gb535b0901c (webtiles) character file.

Game seed: 2360307841486837793

48 vurker the Grave Robber (level 3, 0/20 HPs)
             Began as a Tengu Necromancer on Sept 12, 2020.
             Slain by Ijyb (1 damage)
             ... on level 2 of the Dungeon.
             The game lasted 00:02:27 (1931 turns).

vurker the Grave Robber (Tengu Necromancer)         Turns: 1931, Time: 00:02:27

Health: 0/20       AC:  3    Str:  8    XL:     3   Next: 72%
Magic:  0/8        EV: 12    Int: 16    God:
Gold:   136        SH:  0    Dex: 14    Spells: 3/7 levels left

rFire    . . .     SeeInvis .   o - +0 short sword
rCold    . . .     Faith    .   (no shield)
rNeg     + . .     Spirit   .   a - +0 robe
rPois    .         Reflect  .   (helmet restricted)
rElec    .         Harm     .   i - +0 cloak
rCorr    .                      (no gloves)
MR       .....                  (boots unavailable)
Stlth    ++........             (no amulet)
HPRegen  0.06/turn              l - ring of positive energy
MPRegen  0.11/turn              (no ring)

@: mighty
A: beak, talons 3
a: no special abilities


You were on level 2 of the Dungeon.
You visited 1 branch of the dungeon, and saw 2 of its levels.

You collected 136 gold pieces.

Inventory:

Hand Weapons
 o - a +0 short sword (weapon)
   (You took it off a kobold on level 2 of the Dungeon)
Armour
 a - a +0 robe (worn)
 i - a +0 cloak (worn)
   (You found it on level 1 of the Dungeon)
Jewellery
 l - a ring of positive energy (left hand)
   (You found it on level 1 of the Dungeon)
Scrolls
 d - a scroll of fog {unknown}
 g - a scroll of fear {unknown}
 h - 2 scrolls of teleportation {unknown}
 j - 2 scrolls of identify {unknown}
 k - a scroll of enchant armour {unknown}
 m - a scroll of amnesia {unknown}
Potions
 b - 2 potions of might
 c - a potion of curing {unknown}
 e - a potion of brilliance {unknown}
 f - a potion of flight {unknown}
 n - a potion of heal wounds {unknown}


   Skills:
 + Level 1.2 Fighting
 - Level 2.1 Dodging
 - Level 2.0 Stealth
 * Level 2.7 Spellcasting
 * Level 5.0 Necromancy


You had 3 spell levels left.
You knew the following spells:

 Your Spells              Type           Power        Failure   Level
a - Pain                  Necr           ###.         2%          1
c - Vampiric Draining     Necr           ###.......   8%          3

Your spell library contained the following spells:

 Spells                   Type           Power        Failure   Level
 Animate Skeleton         Necr           ###...       2%          1
 Animate Dead             Necr           ###.......   24%         4
 Agony                    Necr           ###.....     56%         5


Dungeon Overview and Level Annotations

Branches:
Dungeon (2/15)

Altars:
Qazlal

Annotations:
D:2 Ijyb


Innate Abilities, Weirdness & Mutations

You have a beak for a mouth.
You have claws for feet.


Message History

Aim: a goblin, wielding a +0 hunting sling and quivering 22 stones (severely wounded, chance to defeat MR: 89%)
The goblin writhes in agony!
You kill the goblin!
Aim: a goblin, wielding a +0 dagger (chance to defeat MR: 89%)
The goblin writhes in agony.
Aim: a goblin, wielding a +0 dagger (severely wounded, chance to defeat MR: 89%)
The goblin writhes in agony.
You kill the goblin!
Your Necromancy skill increases to level 5!
Aim: a goblin, wielding a +0 dagger (chance to defeat MR: 89%)
The goblin barely resists.
Ijyb screams, "It's all mine!"
You hear a zap.
Some rock shatters into small pieces.
The goblin hits you but does no damage.
Ijyb zaps a wand.
Some rock shatters into small pieces.
Found a scroll labeled BONOMA OLIM and 5 gold pieces.
Aim: a goblin, wielding a +0 dagger (chance to defeat MR: 89%)
The goblin writhes in agony.
You kill the goblin!
Aim: a goblin, wielding a +0 dagger (chance to defeat MR: 89%)
The goblin writhes in agony.
Aim: a goblin, wielding a +0 dagger (moderately wounded, chance to defeat MR: 89%)
The goblin writhes in agony.
The goblin barely misses you.
Aim: a goblin, wielding a +0 dagger (heavily wounded, chance to defeat MR: 89%)
The goblin writhes in agony.
You kill the goblin!
Ijyb zaps a wand.
Some rock shatters into small pieces.
Aim: a goblin, wielding a +0 club (chance to defeat MR: 89%)
The goblin writhes in agony.
Ijyb zaps a wand.
Some rock shatters into small pieces.
Aim: a goblin, wielding a +0 club (severely wounded, chance to defeat MR: 89%)
The goblin writhes in agony!
You kill the goblin!
You aren't carrying any items that you can evoke.
Unknown command.
You hit Ijyb. Ijyb hits you.
* * * LOW HITPOINT WARNING * * *
You hit Ijyb. You claw Ijyb, but do no damage. You peck Ijyb, but do no damage.
Ijyb hits you.
* * * LOW HITPOINT WARNING * * *
Aim: Ijyb, wearing a +0 chain mail and carrying a wand of digging (2) (lightly wounded, chance to defeat MR: 84%) Ijyb writhes in agony.
Ijyb misses you.
You hit Ijyb. Your kick misses Ijyb. Ijyb hits you but does no damage.
It was a potion of might.
You feel very mighty all of a sudden. Ijyb hits you.
You die...

##.......##
##.....##
#####..##
##..##
##..##
###.##
##.## ##g##
##@# ###


You could see Ijyb.

Vanquished Creatures
  An ooze (D:2)
  2 dart slugs
  3 giant cockroaches
  8 goblins
  4 hobgoblins
  6 kobolds
  A quokka (D:2)
  2 ball pythons
  3 bats (D:1)
  2 frilled lizards
  4 rats
36 creatures vanquished.

Notes
Turn   | Place    | Note
-------+----------+-------------------------------------------
     0 | D:1      | vurker the Tengu Necromancer began the quest for the Orb.
     0 | D:1      | Reached XP level 1. HP: 10/10 MP: 4/4
   439 | D:1      | Reached XP level 2. HP: 13/16 MP: 1/6
  1014 | D:2      | Found a stormy altar of Qazlal.
  1086 | D:2      | Reached XP level 3. HP: 9/20 MP: 0/7
  1265 | D:2      | Learned a level 3 spell: Vampiric Draining
  1276 | D:2      | Reached skill level 1 in Fighting
  1881 | D:2      | Noticed Ijyb
  1887 | D:2      | Reached skill level 5 in Necromancy
  1931 | D:2      | Slain by Ijyb

Illustrated notes

Levels and vault maps discovered:
D:1:      sevenhm_arrival_forest_fort_small_1, layout_basic, minmay_pentomino_u4
D:2:      kennysheep_the_goblin_king, layout_rooms,
          nicolae_qazlal_general_emergency

Skill      XL: |  1  2  3 |
---------------+----------+-----
Fighting       | 1 |  1.2
Necromancy     | 5 |  5.0
Dodging        | |  2.1
Stealth        | |  2.0
Spellcasting   | |  2.7

Action                   || total
-------------------------++-------
Melee: Dagger            ||     2
       Kick              ||     2
       Short sword       ||     4
       Peck              ||     1
 Cast: Pain              ||    65
  Use: Potion            ||     1
Armor: Robe              ||     6
Dodge: Dodged            ||    14

Table legend: (Time is in decaauts)
 A = Elapsed time spent in this place.
 B = Non-inter-level travel time spent in this place.
 C = Inter-level travel time spent in this place.
 D = Time resting spent in this place.
 E = Time spent auto-exploring this place.
 F = Levels seen in this place.
 G = Mean time per level.
                   A        B        C        D        E       F      G
               +--------+--------+--------+--------+--------+-----+--------+
         Total |   1931 |   1922 |      9 |    172 |   1508 |   2 |  965.5 |
       Dungeon |   1931 |   1922 |      9 |    172 |   1508 |   2 |  965.5 |
               +--------+--------+--------+--------+--------+-----+--------+

Top non-repeatable levels by time:
     D:1: 1008 daAuts
     D:2: 922 daAuts
